 Dungeon Crawl Stone Soup version 0.29-a0-321-gf1c400731a (webtiles) character file.

Game seed: 2387526319875472823

304 Dabor the Stinger (level 6, 0/60 HPs)
             Began as an Octopode Transmuter on Apr 3, 2022.
             Was a High Priest of Ignis.
             Slain by a wraith (4 damage)
             ... in an ossuary.
             The game lasted 00:06:43 (4206 turns).

Dabor the Stinger (Octopode Transmuter)             Turns: 4206, Time: 00:06:44

Health: 0/60       AC: 23    Str:  7 (10) XL:     6   Next: 38%
Magic:  10/10      EV:  2    Int: 15 (17) God:    Ignis [*****.]
Gold:   141        SH:  0    Dex: 11 (12) Spells: 4/10 levels left

rFire   + . .      SeeInvis .   l - +3 dagger (drain)
rCold   . . .      Faith    .   (no shield)
rNeg    . . .      Spirit   .   (helmet currently unavailable)
rPois   +          Reflect  .   (no amulet)
rElec   .          Harm     .   (no ring)
rCorr   .          Rampage  .   (no ring)
Will    .....      NoTele   +   (no ring)
Stlth   ++........              (no ring)
HPRegen 0.20/turn               (no ring)
MPRegen 0.12/turn               (no ring)
                                (no ring)
                                (no ring)

@: brilliant, tree-form (expiring), slowed, very slow
A: stationary, stasis, torment immunity, boosted hp, almost no armour,
(amphibious), 8 rings, (camouflage 1), (gelatinous body 1), (nimble swimmer 1),
(tentacles)
a: Renounce Religion, Fiery Armour, Foxfire Swarm, Rising Flame


You were in an ossuary.
You worshipped Ignis.
Ignis was extremely pleased with you.
You were a tree.
You visited 1 branch of the dungeon, and saw 4 of its levels.
You also visited: Ossuary.

You collected 141 gold pieces.

Inventory:

Hand Weapons
 l - a +3 dagger of draining (weapon)
Missiles
 e - a throwing net
 i - 3 boomerangs of dispersal
 q - 3 poisoned darts
Jewellery
 t - an amulet of reflection
Wands
 o - a wand of iceblast (6)
 s - a wand of flame (16)
Scrolls
 c - a scroll of blinking {unknown}
 d - a scroll of fear
 j - a scroll of fog
 m - 3 scrolls of enchant armour {unknown}
 n - a scroll of vulnerability {unknown}
 r - 3 scrolls of teleportation {unknown}
Potions
 a - 2 potions of lignification
 g - a potion of might {unknown}
 k - a potion of curing {unknown}
 p - a potion of magic {unknown}


   Skills:
 + Level 2.3 Fighting
 + Level 2.9 Dodging
 + Level 3.2 Stealth
 - Level 3.1 Unarmed Combat
 + Level 2.9 Spellcasting
 + Level 3.1 Transmutations
 * Level 3.4 Poison Magic


You had 4 spell levels left.
You knew the following spells:

 Your Spells              Type           Power      Damage    Failure   Level
a - Beastly Appendage     Tmut           34%        N/A       6%          1
b - Wereblood             Tmut           17%        N/A       9%          2
c - Spider Form           Tmut/Pois      17%        N/A       16%         3

Your spell library contained the following spells:

 Spells                   Type           Power      Damage    Failure   Level
 Ice Form                 Ice/Tmut       10%        N/A       71%         4
 Blade Hands              Tmut           8%         N/A       85%         5
 Iron Shot                Conj/Erth      1%         9d1       100%        6
 Animate Armour           Summ/Erth      Unusable   N/A       N/A         4

Dungeon Overview and Level Annotations

Branches:
Dungeon (4/15)            Ossuary (1/1)
 Temple: D:4-7

Altars:
Fedhas
Qazlal
Wu Jian
Yredelemnul
Ignis


Innate Abilities, Weirdness & Mutations

You are a tree.
Your roots penetrate the ground, keeping you stationary.
You cannot be teleported.
You are immune to unholy pain and torment.
Your maximum health is greatly increased.
You cannot wear most types of armour.
((You are amphibious.))
You can wear up to eight rings at the same time.
((Your skin changes colour to match your surroundings (Stealth+).))
((Your rubbery body absorbs attacks. (AC +1, EV +1)))
((You are camouflaged when in or above water. (Stealth+)))
((You have tentacles for arms and can constrict up to eight enemies at once.))


Message History

The wraith drains your vigour!
You feel as though you will be slow longer.
The wraith hits you.
* * * LOW HITPOINT WARNING * * *
You hit the wraith but do no damage.
The wraith is almost destroyed.
The wraith hits you but does no damage.
You hit the wraith but do no damage.
The wraith is almost destroyed.
The wraith hits you but does no damage. x2
You hit the wraith but do no damage.
The wraith is almost destroyed.
The wraith hits you.
* * * LOW HITPOINT WARNING * * *
You hit the wraith but do no damage.
The wraith is almost destroyed.
The wraith hits you but does no damage. The wraith hits you.
* * * LOW HITPOINT WARNING * * *
The wraith drains your vigour!
You feel as though you will be slow longer.
You hit the wraith but do no damage.
The wraith is almost destroyed.
The wraith hits you.
* * * LOW HITPOINT WARNING * * *
You closely miss the wraith.
The wraith is almost destroyed.
The wraith hits you.
* * * LOW HITPOINT WARNING * * *
The wraith drains your vigour!
You feel as though you will be slow longer.
The wraith hits you but does no damage.
It was a potion of degeneration.
There was something very wrong with that liquid.
You feel weakened.
You feel dopey.
You feel clumsy.
Your transformation is almost over.
The wraith hits you but does no damage.
It was a potion of brilliance.
You feel clever all of a sudden. The wraith hits you but does no damage.
The wraith hits you.
You die...

###########
#.......... #.∩.......
#.......#####+#####
#......##.........##
#.....##...##'##...##
#....##...##...##...#
#....#...##.?♣!.## .
#....'...#...W??.# ..
#....#...##..??.##...
#....##...##...##...#
#.....##...#####...#
#......##.........##..
#.......#####'#####...
#.∩...................
#.....................


You could see a wraith.

Vanquished Creatures
  An elf skeleton (D:4)
  A hound (D:4)
  A human skeleton (D:4)
  Natasha (thrice) (D:3)
  A mummy (Ossuary)
  3 adders
  3 worms (D:2)
  2 dart slugs (D:3)
  An orc (D:3)
  3 endoplasms
  A giant cockroach (D:1)
  4 goblins
  2 hobgoblins (D:1)
  6 jackals
  2 quokkas
  5 ball pythons
  4 bats
  4 frilled lizards
  5 gnoll skeletons (Ossuary)
  4 kobolds
  5 kobold skeletons (Ossuary)
  8 orc skeletons
  7 rats
76 creatures vanquished.

Notes
Turn   | Place    | Note
-------+----------+-------------------------------------------
     0 | D:1      | Dabor the Octopode Transmuter began the quest for the Orb.
     0 | D:1      | Reached XP level 1. HP: 13/13 MP: 3/3
   281 | D:1      | Reached XP level 2. HP: 16/18 MP: 3/5
   295 | D:1      | Learned a level 2 spell: Wereblood
  1271 | D:2      | Reached XP level 3. HP: 23/23 MP: 6/6
  1275 | D:2      | Learned a level 3 spell: Spider Form
  1283 | D:2      | Reached skill level 1 in Stealth
  1301 | D:2      | Reached skill level 1 in Poison Magic
  1593 | D:2      | Found a faded altar of an unknown god.
  1826 | D:2      | Prayed at the altar of an unknown god.
  1826 | D:2      | Became a worshipper of Ignis, the Dying Flame
  2245 | D:2      | Found a blossoming altar of Fedhas.
  2405 | D:3      | Noticed Natasha
  2410 | D:3      | Killed Natasha
  2411 | D:3      | Reached XP level 4. HP: 16/29 MP: 7/7
  3050 | D:3      | Noticed Natasha
  3063 | D:3      | Killed Natasha
  3064 | D:3      | Reached XP level 5. HP: 29/34 MP: 6/8
  3117 | D:3      | Found a basalt altar of Yredelemnul.
  3176 | D:3      | Found an ornate altar of the Wu Jian Council.
  3176 | D:3      | Found a stormy altar of Qazlal.
  3291 | D:3      | Noticed Natasha
  3301 | D:3      | Killed Natasha
  3689 | D:4      | Identified the +1 chain mail of Athiuc {Rampage rPois rF-
                  | Will++}
  3757 | D:4      | Reached XP level 6. HP: 30/39 MP: 10/10
  3759 | D:4      | Found a sand-covered staircase.
  3769 | Ossuary  | Entered an ossuary
  3769 | Ossuary  | Noticed a wraith
  3769 | Ossuary  | Noticed a wraith
  3769 | Ossuary  | Noticed a wraith
  4165 | Ossuary  | Noticed a wraith
  4204 | Ossuary  | HP: 3/60 [wraith (5)]
  4206 | Ossuary  | Slain by a wraith

Illustrated notes

Levels and vault maps discovered:
D:1:      dpeg_arrival_tiny_c, layout_loops_ring, grunt_decor_cap, st_stairs_1,
          chequers_serial_rivers_micro_c, item_on_display_a
D:2:      layout_loops_ring, shapermc_ecumenical_altar_mp_highgroup,
          basic_altar, serial_bayou_crossing
D:3:      layout_loops_corners, general_overflow_altar,
          gammafunk_temple_overflow_statue, bh_walls_and_bars, uniq_natasha
D:4:      layout_loops_ring, zin_statuary, nicolae_ossuary_entry_catacombs
Ossuary:  ossuary_due_mausoleum

Skill      XL: |  1  2  3  4  5 |
---------------+----------------+-----
Stealth        | 1 2 3 |  3.2
Poison Magic   | 1 2 3 |  3.4
Fighting       | 2 |  2.3
Transmutations | 3 |  3.1
Dodging        | |  2.9
Unarmed Combat | |  3.1
Spellcasting   | |  2.9

Action                   |  1- 3 |  4- 6 || total
-------------------------+-------+-------++-------
Melee: Unarmed           |    39 |    48 ||    87
       Constrict         |    19 |    14 ||    33
       Tentacles         |    14 |    17 ||    31
       Kick              |     7 |     5 ||    12
       Dagger            |    32 |    81 ||   113
       Punch             |     1 |     1 ||     2
 Cast: Beastly Appendage |     6 |     4 ||    10
       Wereblood         |     1 |     3 ||     4
       Spider Form       |       |     4 ||     4
  Use: Scroll            |       |     6 ||     6
       Potion            |       |     3 ||     3
 Stab: Sleeping          |     3 |     6 ||     9
Armor: Skin              |    11 |    10 ||    21
Dodge: Dodged            |    31 |    75 ||   106

Table legend: (Time is in decaauts)
 A = Elapsed time spent in this place.
 B = Non-inter-level travel time spent in this place.
 C = Inter-level travel time spent in this place.
 D = Time resting spent in this place.
 E = Time spent auto-exploring this place.
 F = Levels seen in this place.
 G = Mean time per level.
                   A        B        C        D        E       F      G
               +--------+--------+--------+--------+--------+-----+--------+
         Total |   4211 |   4067 |    144 |    696 |   2576 |   5 |  842.2 |
       Dungeon |   3766 |   3622 |    144 |    491 |   2535 |   4 |  941.5 |
       Ossuary |    444 |    444 |      0 |    205 |     41 |   1 |  444.0 |
               +--------+--------+--------+--------+--------+-----+--------+

Top non-repeatable levels by time:
     D:2: 1530 daAuts
     D:3: 1109 daAuts
     D:1: 1009 daAuts
 Ossuary: 444 daAuts
     D:4: 117 daAuts
